 Dungeon Sprint DCSS version 0.19.1 (webtiles) character file.

2308 dvd the Protected (level 9, -6/89 (91) HPs)
             Began as a Minotaur Fighter on Dec 22, 2016.
             Was a Believer of Okawaru.
             Succumbed to a death drake's dark miasma
             ... in the Dungeon (Sprint II: "The Violet Keep of Menkaure").
             The game lasted 00:04:26 (843 turns).

dvd the Protected (Minotaur Fighter)                 Turns: 843, Time: 00:04:27

HP:   -6/89 (91)    AC: 11    Str: 21    XL:     9   Next: 18%
MP:   6/8           EV: 16    Int:  5    God:    Okawaru [**....]
Gold: 590           SH: 15    Dex: 13    Spells: 0 memorised, 8 levels left

rFire  . . .     SeeInvis .     m - +7 hand axe (venom)
rCold  + + .     Gourm    .     b - +0 scale mail
rNeg   . . .     Faith    .     c - +0 shield
rPois  .         Spirit   .     (helmet restricted)
rElec  .         Reflect  .     (no cloak)
rCorr  .         Harm     .     l - -1 pair of gloves of Zimob {rC++} (curse)
MR     .....     NoTele   +     (no boots)
Stlth  ++........               (no amulet)
                                (no ring)
                                (no ring)

@: lethally poisoned (-6 -> -130), heroism, slowed, very slow
A: retaliatory headbutt, horns 2
a: Heroism, Renounce Religion


You were in the Dungeon.
You worshipped Okawaru.
Okawaru was pleased with you.
You were not hungry.

You visited 1 branch You collected 1053 gold pieces.
You spent 463 gold pieces at shops.

Inventory:

Hand Weapons
 a - a +0 war axe
 m - a +7 hand axe of venom (weapon)
Armour
 b - a +0 scale mail (worn)
 c - a +0 shield (worn)
 l - the cursed -1 pair of gloves of Zimob (worn) {rC++}
   (You bought it in a shop in the Dungeon)

   It greatly protects you from cold.
   It has a curse placed upon it.
Scrolls
 k - a scroll of blinking
Potions
 d - a potion of might
 h - a potion of haste
 i - 2 potions of magic
Comestibles
 f - a bread ration


   Skills:
 + Level 12.4(17.4) Fighting
 + Level 12.1(17.1) Axes
 + Level 12.8(17.8) Armour
 + Level 5.7(10.7) Dodging
 + Level 0.1(5.1) Stealth
 + Level 12.0(17.0) Shields
 + Level 0.2 Invocations


You had 8 spell levels left.
You didn't know any spells.

Dungeon Overview and Level Annotations

Branches:
Dungeon (1/1)

Altars:
Cheibriados
Dithmenos
Elyvilon
Fedhas
Gozag
Hepliaklqana
Kikubaaqudgha
Makhleb
Nemelex Xobeh
Okawaru
Qazlal
Ru
Sif Muna
Trog
Uskayaw
Vehumet
Xom
Yredelemnul
Zin
The Shining One
Beogh
Jiyva
Lugonu

Shops:
D :!:}?[(!==%?[}}!

Annotations:
D exclusion: oklob plant


Innate Abilities, Weirdness & Mutations

You reflexively headbutt those who attack you in melee.
You have a pair of horns on your head.


Message History

* * * LOW HITPOINT WARNING * * *
You feel very sick. The death drake breathes miasma at you.
The foul vapour engulfs you!
You are more poisoned.
* * * LOW HITPOINT WARNING * * *
You block the death drake's attack.
You feel much better.
You are engulfed in dark miasma.
You are more poisoned.
You feel your flesh rotting away!
You feel as though you will be slow longer.
* * * LOW HITPOINT WARNING * * *
You feel extremely sick. You block the death drake's attack. x2
Unknown command.
You gain the combat prowess of a mighty hero.
You are engulfed in dark miasma.
You are more poisoned.
You feel your flesh rotting away!
You feel as though you will be slow longer.
* * * LOW HITPOINT WARNING * * *
You die...

+++## .. ## ....# .. .#
##..# #. k# .##.#### +.##.
#.#....# ..k#### #####..##
#.k##.#▓???$"$! ###.##..#
+..#§§#▓)(($(%( ##...#..#
#..#§§#▓?$%$?$[
.')#.'..####..##@#▓$)(!$!$
##...#.§..###.8k##▓▓▓▓▓▓▓+
###.##......≈≈§kk≈≈≈≈≈≈≈≈.
.####≈≈..§§.≈#'########+##
#.#≈≈≈≈≈≈§..≈#_._._...#t≈≈
.##≈≈≈≈≈≈≈§.≈#._._._..#≈≈§
##≈≈≈§§≈§§§§§#_._._._.#≈≈≈
≈≈≈≈§≈§≈≈§≈≈≈#._._._._#≈≈t
+++#§≈≈≈≈≈≈§≈#.._._._.#§§§


You could see 2 death drakes and a crystal guardian.

Vanquished Creatures
  A siren (D)
  A yaktaur (D)
  3 polar bears (D)
  A hornet (D)
  2 hippogriffs (D)
  4 neqoxecs (D)
  A crocodile (D)
  3 worms (D)
16 creatures vanquished.

Vanquished Creatures (others)
  Menkaure (D)
  A crocodile (D)
2 creatures vanquished.

Grand Total: 18 creatures vanquished

Notes
Turn   | Place    | Note
-------+----------+-------------------------------------------
     0 | D        | dvd the Minotaur Fighter began the quest for the Orb.
     0 | D        | Reached XP level 1. HP: 19/19 MP: 0/0
     1 | D        | Noticed a hippogriff
     1 | D        | Noticed a hippogriff
     3 | D        | Killed Menkaure
     9 | D        | Killed a hippogriff
     9 | D        | Reached skill level 1 in Dodging
     9 | D        | Reached XP level 2. HP: 5/35 MP: 1/1
     9 | D        | Reached XP level 3. HP: 5/40 MP: 2/2
     9 | D        | Reached XP level 4. HP: 6/48 MP: 3/3
     9 | D        | Reached XP level 5. HP: 7/53 MP: 4/4
    11 | D        | HP: 3/79 [hippogriff (1)]
    13 | D        | Killed a hippogriff
    13 | D        | Reached skill level 5 in Axes
    13 | D        | Reached XP level 6. HP: 4/64 MP: 5/5
   267 | D        | Found Qoklileq's Gadget Shoppe.
   267 | D        | Found Loerch's Gadget Shoppe.
   267 | D        | Found Bidav's Magic Scroll Emporium.
   267 | D        | Found Ibla's Jewellery Shoppe.
   267 | D        | Found Obis's Antique Armour Emporium.
   267 | D        | Found Emaberrako's Jewellery Shoppe.
   267 | D        | Found Vyocem's Food Shoppe.
   267 | D        | Found Oruomoik's Distillery.
   276 | D        | Found Tiluangi's Antique Weapon Shoppe.
   276 | D        | Found Ziegui's Antique Armour Emporium.
   277 | D        | Found Zoddy's Distillery.
   278 | D        | Found Pitawae's Magic Scroll Shoppe.
   278 | D        | Found Duclixy's Gadget Emporium.
   278 | D        | Noticed a great orb of eyes
   278 | D        | Noticed an oklob plant
   279 | D        | Found Kackiq's Distillery.
   279 | D        | Found Tiqaap's Book Emporium.
   279 | D        | Found Fiajir's Book Shoppe.
   280 | D        | Noticed an ice dragon
   289 | D        | Reached skill level 10 in Fighting
   289 | D        | Reached skill level 10 in Armour
   295 | D        | Noticed a yak
   298 | D        | Noticed a yak
   298 | D        | Noticed a yak
   362 | D        | Bought a pair of polished gloves for 247 gold pieces
   367 | D        | Identified the cursed -1 pair of gloves of Zimob {rC++} (You bought it in a shop in the Dungeon)
   371 | D        | Bought a runed hand axe for 216 gold pieces
   388 | D        | Noticed a neqoxec
   388 | D        | Noticed a neqoxec
   388 | D        | Noticed a neqoxec
   388 | D        | Noticed a neqoxec
   393 | D        | Killed a neqoxec
   393 | D        | Reached XP level 7. HP: 66/73 MP: 6/6
   396 | D        | Killed a neqoxec
   396 | D        | Reached skill level 10 in Shields
   400 | D        | Killed a neqoxec
   404 | D        | Killed a neqoxec
   428 | D        | Noticed a siren
   433 | D        | Killed a siren
   433 | D        | Reached XP level 8. HP: 71/82 MP: 7/7
   486 | D        | Found an iron altar of Okawaru.
   486 | D        | Found an opulent altar of Gozag.
   489 | D        | Found a sparkling altar of Nemelex Xobeh.
   489 | D        | Found a blossoming altar of Fedhas.
   490 | D        | Found a radiant altar of Vehumet.
   490 | D        | Found a burning altar of Makhleb.
   490 | D        | Found a white marble altar of Elyvilon.
   491 | D        | Found a hide-covered altar of Uskayaw.
   491 | D        | Found a corrupted altar of Lugonu.
   491 | D        | Found a shadowy altar of Dithmenos.
   492 | D        | Found a glowing golden altar of the Shining One.
   492 | D        | Found a bloodstained altar of Trog.
   492 | D        | Found an ancient bone altar of Kikubaaqudgha.
   493 | D        | Found a glowing silver altar of Zin.
   493 | D        | Found a deep blue altar of Sif Muna.
   493 | D        | Found a viscous altar of Jiyva.
   494 | D        | Found a basalt altar of Yredelemnul.
   494 | D        | Found a sacrificial altar of Ru.
   496 | D        | Found a shimmering altar of Xom.
   496 | D        | Found a stormy altar of Qazlal.
   496 | D        | Found a snail-covered altar of Cheibriados.
   496 | D        | Found a hazy altar of Hepliaklqana.
   496 | D        | Noticed a hornet
   496 | D        | Noticed a polar bear
   497 | D        | Noticed a polar bear
   497 | D        | Noticed a polar bear
   497 | D        | Found a roughly hewn altar of Beogh.
   497 | D        | Noticed a yaktaur
   498 | D        | Became a worshipper of Warmaster Okawaru
   507 | D        | Killed a hornet
   507 | D        | Reached skill level 10 in Axes
   509 | D        | Killed a polar bear
   509 | D        | Reached * piety under Okawaru
   513 | D        | Killed a polar bear
   513 | D        | Reached skill level 5 in Dodging
   519 | D        | Killed a polar bear
   519 | D        | Reached ** piety under Okawaru
   519 | D        | Reached XP level 9. HP: 31/90 MP: 5/8
   521 | D        | Killed a yaktaur
   824 | D        | Noticed a death drake
   825 | D        | Noticed a death drake
   826 | D        | Noticed a crystal guardian
   843 | D        | Succumbed to a death drake's dark miasma

Skill      XL: |  1  2  3  4  5  6  7  8  9 |
---------------+----------------------------+-----
Fighting       | 7 9 10 11 12 | 12.4
Axes           | 3 5 6 9 11 12 | 12.1
Armour         | 8 9 10 11 12 | 12.8
Dodging        | 1 2 4 5 |  5.7
Shields        | 7 9 10 11 12 | 12.0
Stealth        | |  0.1
Invocations    | |  0.2

Action                   |  1- 3 |  4- 6 |  7- 9 || total
-------------------------+-------+-------+-------++-------
Melee: War axe           |     7 |    18 |       ||    25
       Headbutt          |       |     7 |    10 ||    17
       Hand axe          |       |     5 |    41 ||    46
Invok: Heroism           |       |       |     2 ||     2
  Use: Potion            |     1 |       |     2 ||     3
 Stab: Distracted        |       |       |     1 ||     1
Armor: Scale mail        |     2 |       |    23 ||    25
Dodge: Dodged            |     6 |     8 |    18 ||    32
Block: Shield            |     4 |    11 |    36 ||    51
